[Event "Austrian Women Bundesliga 2023-24"]
[Site "Austria"]
[Date "2024.03.22"]
[Round "4.19"]
[White "Konecny, Sophie"]
[Black "Manko, Mariya"]
[Result "1/2-1/2"]
[ECO "B22"]
[WhiteElo "1907"]
[BlackElo "2209"]
[Annotator "RC"]
[PlyCount "106"]
[EventDate "2023.11.21"]
[EventType "team-tourn"]
[EventCountry "AUT"]
[SourceTitle "playchess.com"]
[Source "ChessBase"]
[SourceQuality "1"]
[TimeControl "40/5400+30:1800+30"]

1. e4 c5 2. c3 Nf6 3. e5 Nd5 4. d4 Nc6 5. Nf3 cxd4 6. Bc4 Nb6 7. Bb5 dxc3 8. Nxc3 a6 9. Ba4 Nxa4 10. Qxa4 g6 11. O-O Bg7 12. Bf4 O-O 13. Rad1 Ra7 14. Qb3 b5 15. Nd5 Ra8 16. Qe3 a5 17. Qc5 Ba6 18. Nd4 Nxd4 19. Nxe7+ Qxe7 20. Qxe7 Ne2+ 21. Kh1 Nxf4 22. Rxd7 Rae8 23. Qd6 Re6 24. Qd2 Bxe5 25. g3 Nh5 26. f4 Bf6 27. g4 b4 28. Rf2 Ng7 29. f5 gxf5 30. gxf5 Rb6 31. Kg1 Rc8 32. Rg2 Rbc6 33. h4 Rc1+ 34. Kh2 Be5+ 35. Kh3 h5 36. Rd8+ Rxd8 37. Qxd8+ Kh7 38. Rxg7+ Bxg7 39. f6 Bh6 40. Qxa5 Bc8+ 41. Kg3 Rg1+ 42. Kh2 Rg6 43. Qe5 Bb7 44. Kh3 Bf3 45. a4 bxa3 46. bxa3 Kh8 47. a4 Bg2+ 48. Kh2 Bc6 49. a5 Rg2+ 50. Kh3 Rf2 51. Qb8+ Kh7 52. Qb1+ Kg8 53. Qb8+ Kh7 1/2-1/2

[Event "Austrian Women Bundesliga 2023-24"]
[Site "Austria"]
[Date "2024.03.22"]
[Round "4.20"]
[White "Kurapova, Olga"]
[Black "Wu, Min"]
[Result "1/2-1/2"]
[ECO "C68"]
[WhiteElo "1970"]
[BlackElo "1938"]
[Annotator "RC"]
[PlyCount "142"]
[EventDate "2023.11.21"]
[EventType "team-tourn"]
[EventCountry "AUT"]
[SourceTitle "playchess.com"]
[Source "ChessBase"]
[SourceQuality "1"]
[TimeControl "40/5400+30:1800+30"]

1. e4 e5 2. Nf3 Nc6 3. Bb5 a6 4. Bxc6 dxc6 5. O-O Bg4 6. h3 h5 7. d3 Qf6 8. Nbd2 g5 9. Nc4 Bxf3 10. Qxf3 Qxf3 11. gxf3 f6 12. c3 c5 13. Be3 O-O-O 14. Rfd1 Nh6 15. d4 cxd4 16. cxd4 Nf7 17. Rac1 Bd6 18. d5 Rhg8 19. Kf1 g4 20. fxg4 hxg4 21. hxg4 Rxg4 22. f3 Rh4 23. Ke2 Rh2+ 24. Bf2 Bc5 25. Ne3 Bxe3 26. Kxe3 Nd6 27. Rg1 f5 28. Rg7 Rd7 29. Rg8+ Rd8 30. Rg5 fxe4 31. fxe4 Rxf2 32. Rxe5 Rdf8 33. Re7 Nb5 34. e5 R2f3+ 35. Kd2 Kd8 36. d6 cxd6 37. exd6 Nxd6 38. Rcc7 R3f7 39. Rcd7+ Kc8 40. Rxf7 Nxf7 41. Re7 Rd8+ 42. Kc3 Rd7 43. Re8+ Kc7 44. b4 Kb6 45. Re6+ Rd6 46. Re7 Rc6+ 47. Kb3 Nd6 48. a3 Nb5 49. Re4 Rc3+ 50. Kb2 Rxa3 51. Re6+ Ka7 52. Re5 Rh3 53. Rg5 Rh4 54. Kb3 Nd4+ 55. Kc3 Nc6 56. b5 axb5 57. Rxb5 Ka6 58. Rg5 Na5 59. Rf5 Rc4+ 60. Kb2 b5 61. Rf6+ Nc6 62. Kb3 Ka5 63. Rf8 Nd4+ 64. Kb2 Rc2+ 65. Kb1 Kb4 66. Rf4 Rc4 67. Rf2 Nb3 68. Rh2 Rd4 69. Rg2 Rd2 70. Rg4+ Ka3 71. Ra4+ Kxa4 1/2-1/2

[Event "Austrian Women Bundesliga 2023-24"]
[Site "Austria"]
[Date "2024.03.23"]
[Round "5.1"]
[White "Heinatz, Gundula"]
[Black "Brunello, Marina"]
[Result "0-1"]
[ECO "A47"]
[WhiteElo "2116"]
[BlackElo "2358"]
[Annotator "RC"]
[PlyCount "52"]
[EventDate "2023.11.21"]
[EventType "team-tourn"]
[EventCountry "AUT"]
[SourceTitle "playchess.com"]
[Source "ChessBase"]
[SourceQuality "1"]
[TimeControl "40/5400+30:1800+30"]

1. Nf3 Nf6 2. d4 b6 3. Bg5 Ne4 4. Bh4 Bb7 5. d5 c6 6. c4 Qc7 7. e3 cxd5 8. cxd5 Qc5 9. Nbd2 Nxd2 10. Nxd2 Qxd5 11. Qc2 Nc6 12. Bc4 Qxg2 13. O-O-O Ne5 14. Kb1 Qg4 15. Bb5 Rc8 16. Qb3 Bxh1 17. Rxh1 Qxh4 18. f4 Nc6 19. Nf3 Qh5 20. e4 e6 21. Rg1 Qc5 22. a3 Be7 23. Rxg7 Nd4 24. Nxd4 Qxd4 25. Rg3 Qxe4+ 26. Bd3 Qh1+ 0-1

[Event "Austrian Women Bundesliga 2023-24"]
[Site "Austria"]
[Date "2024.03.23"]
[Round "5.2"]
[White "Gueci, Tea"]
[Black "Novkovic, Julia"]
[Result "1/2-1/2"]
[ECO "C67"]
[WhiteElo "2193"]
[BlackElo "2096"]
[Annotator "RC"]
[PlyCount "61"]
[EventDate "2023.11.21"]
[EventType "team-tourn"]
[EventCountry "AUT"]
[SourceTitle "playchess.com"]
[Source "ChessBase"]
[SourceQuality "1"]
[TimeControl "40/5400+30:1800+30"]

1. e4 e5 2. Nf3 Nc6 3. Bb5 Nf6 4. O-O Nxe4 5. Re1 Nd6 6. a4 Be7 7. Nc3 a6 8. Bf1 e4 9. Nxe4 Nxe4 10. Rxe4 d5 11. Re1 O-O 12. h3 Bf5 13. d3 Bf6 14. Ra3 Be7 15. Ra1 Bf6 16. Rb1 Qd6 17. g3 Rfe8 18. Rxe8+ Rxe8 19. Bf4 Qd7 20. Kh2 Nd4 21. b3 c6 22. Nxd4 Bxd4 23. Qd2 Qe7 24. Rc1 Bf6 25. d4 h6 26. Be3 Qd7 27. c3 Be4 28. Be2 Re7 29. Re1 Bf5 30. Bf1 Qe8 31. Rc1 1/2-1/2

[Event "Austrian Women Bundesliga 2023-24"]
[Site "Austria"]
[Date "2024.03.23"]
[Round "5.3"]
[White "Rojickova, Monika"]
[Black "Khrapko, Marharyta"]
[Result "1/2-1/2"]
[ECO "C02"]
[WhiteElo "2056"]
[BlackElo "2218"]
[Annotator "RC"]
[PlyCount "103"]
[EventDate "2023.11.21"]
[EventType "team-tourn"]
[EventCountry "AUT"]
[SourceTitle "playchess.com"]
[Source "ChessBase"]
[SourceQuality "1"]
[TimeControl "40/5400+30:1800+30"]

1. e4 c5 2. c3 e6 3. d4 d5 4. e5 Qb6 5. Nf3 Bd7 6. Be2 Nc6 7. O-O cxd4 8. cxd4 Nge7 9. Nc3 Nf5 10. Be3 Be7 11. Rc1 O-O 12. Na4 Qd8 13. Nc5 Be8 14. Qd2 Qb8 15. Rc3 a5 16. a3 b5 17. Bxb5 Qxb5 18. Rb3 Nb4 19. axb4 a4 20. Ra3 Rb8 21. Rfa1 Qc4 22. Qc3 Rxb4 23. Nxa4 Nxe3 24. fxe3 Qe2 25. b3 Rb8 26. R3a2 Qb5 27. Nd2 f6 28. exf6 Rxf6 29. Nc5 Qe2 30. Nf3 Qb5 31. Ra8 h6 32. R1a5 Rxa8 33. Rxa8 Kh7 34. Qd3+ Qxd3 35. Nxd3 Bb5 36. Nde5 Bd6 37. Ra5 Be2 38. Kf2 Bd1 39. Nd7 Rf5 40. Nc5 Bxh2 41. Ra1 Bc2 42. Rc1 Be4 43. Nxe6 Rf6 44. Nc5 g5 45. Ke2 Bg3 46. Rh1 Kg7 47. Rh3 Bc7 48. Nxe4 dxe4 49. Nd2 Re6 50. g4 Ba5 51. Rh1 Kg6 52. Nc4 1/2-1/2

[Event "Austrian Women Bundesliga 2023-24"]
[Site "Austria"]
[Date "2024.03.23"]
[Round "5.4"]
[White "Stangl, Anita"]
[Black "Manko, Mariya"]
[Result "0-1"]
[ECO "B33"]
[WhiteElo "2070"]
[BlackElo "2209"]
[Annotator "RC"]
[PlyCount "50"]
[EventDate "2023.11.21"]
[EventType "team-tourn"]
[EventCountry "AUT"]
[SourceTitle "playchess.com"]
[Source "ChessBase"]
[SourceQuality "1"]
[TimeControl "40/5400+30:1800+30"]

1. e4 c5 2. Nf3 Nc6 3. d4 cxd4 4. Nxd4 Nf6 5. Nc3 e5 6. Ndb5 d6 7. Bg5 a6 8. Na3 b5 9. Bxf6 gxf6 10. Nd5 f5 11. exf5 Bxf5 12. Qf3 Nd4 13. Nc7+ Qxc7 14. Qxa8+ Ke7 15. Bd3 Bxd3 16. cxd3 Qa5+ 17. Kf1 Qd2 18. Qe4 f5 19. Qe3 Qxb2 20. Re1 h5 21. Qc1 Qxa2 22. Qc7+ Kf6 23. Qd8+ Kf7 24. Rc1 Qe2+ 25. Kg1 Nf3+ 0-1

[Event "Austrian Women Bundesliga 2023-24"]
[Site "Austria"]
[Date "2024.03.23"]
[Round "5.5"]
[White "Berke, Ana"]
[Black "Polterauer, Chiara"]
[Result "1/2-1/2"]
[ECO "A45"]
[WhiteElo "2066"]
[BlackElo "2194"]
[Annotator "RC"]
[PlyCount "74"]
[EventDate "2023.11.21"]
[EventType "team-tourn"]
[EventCountry "AUT"]
[SourceTitle "playchess.com"]
[Source "ChessBase"]
[SourceQuality "1"]
[TimeControl "40/5400+30:1800+30"]

1. d4 Nf6 2. Bf4 g6 3. Nc3 d5 4. e3 Bg7 5. h4 h5 6. Be2 Bf5 7. Nf3 O-O 8. Ne5 c5 9. Nb5 a6 10. Na3 cxd4 11. exd4 Qb6 12. Bc1 Ne4 13. O-O Nc6 14. Nxc6 bxc6 15. c3 Bf6 16. Nc2 Bxh4 17. Ne3 Bd7 18. Bxh5 Kg7 19. Bg4 f5 20. Bf3 Qc7 21. Bxe4 dxe4 22. Nc4 Bf6 23. f4 c5 24. Ne5 cxd4 25. cxd4 Bb5 26. Rf2 Rac8 27. Be3 Bxe5 28. fxe5 Qc4 29. Qd2 Rh8 30. d5 Rhd8 31. d6 Qd3 32. Bh6+ Kh7 33. Qg5 exd6 34. Qe7+ Kxh6 35. Qh4+ Kg7 36. Qe7+ Kh6 37. Qh4+ Kg7 1/2-1/2

[Event "Austrian Women Bundesliga 2023-24"]
[Site "Austria"]
[Date "2024.03.23"]
[Round "5.6"]
[White "Schloffer, Jasmin-Denise"]
[Black "Kopinits, Anna-Christina"]
[Result "1/2-1/2"]
[ECO "D14"]
[WhiteElo "2167"]
[BlackElo "2170"]
[Annotator "RC"]
[PlyCount "117"]
[EventDate "2023.11.21"]
[EventType "team-tourn"]
[EventCountry "AUT"]
[SourceTitle "playchess.com"]
[Source "ChessBase"]
[SourceQuality "1"]
[TimeControl "40/5400+30:1800+30"]

1. d4 d5 2. c4 c6 3. cxd5 cxd5 4. Nc3 Nc6 5. Nf3 Nf6 6. Bf4 Bf5 7. Qb3 Na5 8. Qa4+ Bd7 9. Qc2 e6 10. e3 Nh5 11. Be5 f6 12. Bg3 Nxg3 13. hxg3 f5 14. Ne5 Bd6 15. Ng6 Rg8 16. Rxh7 Qf6 17. Be2 Rc8 18. f4 Nc4 19. Kf2 Qd8 20. Bh5 Qa5 21. Ne5+ Ke7 22. Nxd7 Kxd7 23. Bf7 Rh8 24. Rxg7 Bf8 25. Rg6 Rc6 26. Bxe6+ Rxe6 27. Qxf5 Qb6 28. b3 Nxe3 29. Rxe6 Nxf5 30. Rxb6 axb6 31. Nxd5 Kc6 32. Ne3 Nxd4 33. Rc1+ Kb5 34. Rc4 Bg7 35. Nd5 Ne6 36. a4+ Ka5 37. f5 Rf8 38. g4 Nd4 39. Rc7 Rd8 40. Rxb7 Rxd5 41. Rxg7 Nxb3 42. f6 Nc5 43. Re7 Nd7 44. f7 Nf8 45. Re8 Ng6 46. f8=Q Nxf8 47. Rxf8 Kxa4 48. Rf5 Rd8 49. Rf6 b5 50. Ra6+ Kb3 51. Rb6 Kc4 52. Kf3 Kc5 53. Rb7 Kc6 54. Re7 b4 55. Re3 Rb8 56. Rb3 Kd5 57. Kf4 Ke6 58. g5 Kf7 59. Ke4 1/2-1/2

[Event "Austrian Women Bundesliga 2023-24"]
[Site "Austria"]
[Date "2024.03.23"]
[Round "5.7"]
[White "Kushka, Alena"]
[Black "Konecny, Sophie"]
[Result "1-0"]
[ECO "E42"]
[WhiteElo "2146"]
[BlackElo "1907"]
[Annotator "NA RC"]
[PlyCount "59"]
[EventDate "2023.11.21"]
[EventType "team-tourn"]
[EventCountry "AUT"]
[SourceTitle "playchess.com"]
[Source "ChessBase"]
[SourceQuality "1"]
[TimeControl "40/5400+30:1800+30"]

1. d4 Nf6 2. c4 e6 3. Nc3 Bb4 4. e3 c5 5. Nge2 Ne4 6. a3 Bxc3+ 7. Nxc3 Nxc3 8. bxc3 Qa5 9. Bd2 O-O 10. Bd3 f5 11. O-O Qc7 12. e4 Nc6 13. exf5 exf5 14. Qh5 d6 15. Rae1 Qf7 16. Qh4 Bd7 17. Bf4 Qf6 18. Qxf6 Rxf6 19. d5 Nd8 20. Re7 Ba4 21. Rfe1 b6 22. h4 h6 23. Rc7 Nf7 24. Re6 Rxe6 25. dxe6 Ne5 26. Bxe5 dxe5 27. Bxf5 Bb3 28. Be4 Re8 29. Bc6 Rd8 30. e7 1-0

[Event "Austrian Women Bundesliga 2023-24"]
[Site "Austria"]
[Date "2024.03.23"]
[Round "5.8"]
[White "Heinrich, Vanessa"]
[Black "Kejzar, Petra"]
[Result "1/2-1/2"]
[ECO "A13"]
[WhiteElo "1773"]
[BlackElo "2049"]
[Annotator "NA RC"]
[PlyCount "69"]
[EventDate "2023.11.21"]
[EventType "team-tourn"]
[EventCountry "AUT"]
[SourceTitle "playchess.com"]
[Source "ChessBase"]
[SourceQuality "1"]
[TimeControl "40/5400+30:1800+30"]

1. Nf3 d5 2. c4 e6 3. g3 Nf6 4. b3 Be7 5. Bg2 O-O 6. O-O a5 7. Bb2 Nc6 8. Na3 d4 9. d3 e5 10. Nc2 Nd7 11. e3 dxe3 12. fxe3 e4 13. dxe4 Nc5 14. Nfd4 Ne5 15. Nf5 Bd6 16. Qh5 Ncd3 17. Nxd6 cxd6 18. Bxe5 Nxe5 19. h3 a4 20. Nd4 Qb6 21. Qe2 Bd7 22. Rfd1 Rfd8 23. Nb5 Bxb5 24. cxb5 h6 25. Kh2 Ra5 26. bxa4 Rxa4 27. Rd5 Ra3 28. Rad1 Rxe3 29. Qf2 Nc4 30. Bf1 Ra3 31. Qxb6 Nxb6 32. Rxd6 Rxa2+ 33. Kg1 Rxd6 34. Rxd6 Na4 35. Bc4 1/2-1/2

[Event "Austrian Women Bundesliga 2023-24"]
[Site "Austria"]
[Date "2024.03.23"]
[Round "5.9"]
[White "Katter, Katharina"]
[Black "Terbe, Julianna"]
[Result "0-1"]
[ECO "A40"]
[WhiteElo "1932"]
[BlackElo "2289"]
[Annotator "RC"]
[PlyCount "80"]
[EventDate "2023.11.21"]
[EventType "team-tourn"]
[EventCountry "AUT"]
[SourceTitle "playchess.com"]
[Source "ChessBase"]
[SourceQuality "1"]
[TimeControl "40/5400+30:1800+30"]

1. d4 g6 2. Nf3 Bg7 3. g3 d6 4. Bg2 e5 5. e4 Nc6 6. Be3 Nf6 7. dxe5 Nxe5 8. Nxe5 dxe5 9. Qxd8+ Kxd8 10. h3 c6 11. Nc3 Kc7 12. O-O-O Be6 13. a3 Nd7 14. h4 h5 15. Bh3 Bxh3 16. Rxh3 Bh6 17. Bxh6 Rxh6 18. f3 Nc5 19. Rh2 Rd8 20. Rhd2 Rxd2 21. Kxd2 f6 22. Ke3 g5 23. Rh1 Ne6 24. Ne2 Rh8 25. f4 gxf4+ 26. gxf4 Rg8 27. f5 Nf4 28. Rg1 Rxg1 29. Nxg1 Kb6 30. Ne2 Nxe2 31. Kxe2 Kb5 32. Kd3 Ka4 33. Kc4 b6 34. Kd3 b5 35. Kc3 c5 36. Kd3 c4+ 37. Kc3 a5 38. Kd2 b4 39. axb4 Kxb4 40. Kd1 a4 0-1

[Event "Austrian Women Bundesliga 2023-24"]
[Site "Austria"]
[Date "2024.03.23"]
[Round "5.10"]
[White "Terbe, Zsuzsanna"]
[Black "Batyte, Daiva"]
[Result "1/2-1/2"]
[ECO "D35"]
[WhiteElo "2178"]
[BlackElo "2046"]
[Annotator "RC"]
[PlyCount "68"]
[EventDate "2023.11.21"]
[EventType "team-tourn"]
[EventCountry "AUT"]
[SourceTitle "playchess.com"]
[Source "ChessBase"]
[SourceQuality "1"]
[TimeControl "40/5400+30:1800+30"]

1. d4 d5 2. c4 e6 3. Nc3 Nf6 4. cxd5 exd5 5. Bg5 Be7 6. e3 c6 7. Bd3 h6 8. Bh4 Nbd7 9. Qc2 b6 10. Nf3 Bb7 11. O-O O-O 12. h3 c5 13. dxc5 bxc5 14. Be2 Rc8 15. Rfd1 Re8 16. Rac1 Qb6 17. Qb1 Qe6 18. Bg3 Bd6 19. Bxd6 Qxd6 20. Qd3 Ne5 21. Nxe5 Rxe5 22. Bf3 Qe7 23. Rc2 Rb8 24. Na4 d4 25. Bxb7 Rxb7 26. exd4 cxd4 27. Rc8+ Ne8 28. b3 Rd7 29. Kf1 g6 30. Rc4 Nf6 31. g3 Qe6 32. Kg2 Rh5 33. h4 Rf5 34. Rd2 Qd5+ 1/2-1/2

[Event "Austrian Women Bundesliga 2023-24"]
[Site "Austria"]
[Date "2024.03.23"]
[Round "5.11"]
[White "Katter, Marlene"]
[Black "Karacsonyi, Kata"]
[Result "0-1"]
[ECO "A46"]
[WhiteElo "1902"]
[BlackElo "2137"]
[Annotator "NA RC"]
[PlyCount "61"]
[EventDate "2023.11.21"]
[EventType "team-tourn"]
[EventCountry "AUT"]
[SourceTitle "playchess.com"]
[Source "ChessBase"]
[SourceQuality "1"]
[TimeControl "40/5400+30:1800+30"]

1. d4 Nf6 2. Nf3 e6 3. Bf4 d5 4. e3 Bd6 5. Bg3 O-O 6. Nbd2 c5 7. c3 Qc7 8. Bd3 Nbd7 9. O-O e5 10. dxe5 Nxe5 11. Nxe5 Bxe5 12. Bxe5 Qxe5 13. Nf3 Qe7 14. h3 Ne4 15. Qe2 Be6 16. Rfd1 Rad8 17. Qc2 f5 18. c4 Kh8 19. Rac1 Qf6 20. Nd2 b6 21. cxd5 Bxd5 22. b3 Ng5 23. f3 Qe5 24. Nf1 f4 25. e4 Be6 26. Bc4 Bxh3 27. gxh3 Nxf3+ 28. Kf2 Ng5 29. Bd5 Nxh3+ 30. Kg2 Qg5+ 31. Kxh3 0-1

[Event "Austrian Women Bundesliga 2023-24"]
[Site "Austria"]
[Date "2024.03.23"]
[Round "5.12"]
[White "Exler, Veronika"]
[Black "Landl, Margot"]
[Result "1-0"]
[ECO "C55"]
[WhiteElo "2157"]
[BlackElo "1962"]
[Annotator "RC"]
[PlyCount "109"]
[EventDate "2023.11.21"]
[EventType "team-tourn"]
[EventCountry "AUT"]
[SourceTitle "playchess.com"]
[Source "ChessBase"]
[SourceQuality "1"]
[TimeControl "40/5400+30:1800+30"]

1. e4 e5 2. Nf3 Nc6 3. d4 exd4 4. Bc4 Nf6 5. e5 d5 6. Bb5 Ne4 7. Nxd4 Bd7 8. Bxc6 bxc6 9. O-O Bc5 10. f3 Ng5 11. f4 Ne4 12. Be3 Bb6 13. Nd2 Nxd2 14. Qxd2 O-O 15. Nb3 Qe7 16. Qc3 Bxe3+ 17. Qxe3 f6 18. Qc5 Rae8 19. Rae1 fxe5 20. Qxe7 Rxe7 21. Rxe5 Rxe5 22. fxe5 Re8 23. Nc5 Bc8 24. Re1 Kf8 25. Kf2 Ke7 26. Re3 Kd8 27. Ke1 Bf5 28. Kd2 g6 29. h3 h5 30. b4 d4 31. Re2 Ke7 32. c3 dxc3+ 33. Kxc3 a5 34. bxa5 Ra8 35. a6 Bc8 36. Re4 Be6 37. Ra4 Bd5 38. g3 g5 39. Kd4 Bg2 40. h4 gxh4 41. gxh4 Bf1 42. Ra3 Be2 43. Rg3 Bg4 44. Rb3 Bc8 45. Ke3 Kd8 46. Rb4 Ke7 47. Rf4 Ra7 48. Kd2 Be6 49. Rb4 Ra8 50. Rb7 Bd5 51. Rxc7+ Kf8 52. Rb7 Bf7 53. a7 Be8 54. Ne6+ Kg8 55. Nc7 1-0

[Event "Austrian Women Bundesliga 2023-24"]
[Site "Austria"]
[Date "2024.03.23"]
[Round "5.13"]
[White "Mihelic, Vesna"]
[Black "Mandukhai, Myagmarsuren"]
[Result "1-0"]
[ECO "C50"]
[WhiteElo "2140"]
[BlackElo "2083"]
[Annotator "RC"]
[PlyCount "99"]
[EventDate "2023.11.21"]
[EventType "team-tourn"]
[EventCountry "AUT"]
[SourceTitle "playchess.com"]
[Source "ChessBase"]
[SourceQuality "1"]
[TimeControl "40/5400+30:1800+30"]

1. e4 e5 2. Nf3 Nc6 3. Bc4 Bc5 4. d3 Nf6 5. Nc3 a6 6. Be3 Bxe3 7. fxe3 d6 8. a4 Ne7 9. O-O Ng6 10. d4 O-O 11. dxe5 Ng4 12. Qe1 N4xe5 13. Bb3 Bg4 14. Qg3 c6 15. Nd4 h5 16. h3 h4 17. Qf2 Bd7 18. Nf5 Qg5 19. Rad1 d5 20. exd5 Bxf5 21. Qxf5 Qxe3+ 22. Kh1 Ne7 23. Qf2 Qxf2 24. Rxf2 cxd5 25. Nxd5 N7g6 26. Nf4 Kh7 27. Nxg6 Kxg6 28. Rd4 Kg5 29. Rb4 Rab8 30. Rff4 Rh8 31. Rfe4 f6 32. a5 g6 33. c3 Rh7 34. Kh2 Rd8 35. Rbd4 Re8 36. Rd6 f5 37. Red4 Rhe7 38. Bd5 Kh5 39. Rb6 Ng4+ 40. hxg4+ fxg4 41. Rbb4 Rd8 42. Bb3 Rxd4 43. Rxd4 g3+ 44. Kh3 g5 45. Bd1+ Kg6 46. Kg4 Re6 47. Bf3 b6 48. Rd5 bxa5 49. Rxg5+ Kf6 50. Rxa5 1-0

[Event "Austrian Women Bundesliga 2023-24"]
[Site "Austria"]
[Date "2024.03.23"]
[Round "5.14"]
[White "Deak-Sala, Emilia"]
[Black "Goeschl, Ortrun"]
[Result "1-0"]
[ECO "B00"]
[WhiteElo "2014"]
[BlackElo "1952"]
[Annotator "NA RC"]
[PlyCount "81"]
[EventDate "2023.11.21"]
[EventType "team-tourn"]
[EventCountry "AUT"]
[SourceTitle "playchess.com"]
[Source "ChessBase"]
[SourceQuality "1"]
[TimeControl "40/5400+30:1800+30"]

1. e4 Nc6 2. Nf3 d6 3. c3 f5 4. exf5 Bxf5 5. Nh4 Qd7 6. Nxf5 Qxf5 7. d4 Qe4+ 8. Be3 Nf6 9. Nd2 Qe6 10. Qa4 Qd7 11. Be2 e6 12. O-O Be7 13. Rae1 O-O 14. Bg5 Nd5 15. Bg4 Bxg5 16. Bxe6+ Qxe6 17. Rxe6 Nf4 18. Re3 Kh8 19. Nf3 Bh6 20. Qb5 Rab8 21. d5 a6 22. Qc4 Na7 23. a4 c6 24. Qd4 c5 25. Qe4 Ng6 26. Ree1 b5 27. a5 Rbd8 28. g3 Nc8 29. h4 Nge7 30. Kg2 g6 31. Ng5 Bxg5 32. hxg5 Rf5 33. f4 Rxd5 34. g4 Rd2+ 35. Rf2 Rxf2+ 36. Kxf2 Rf8 37. Kg3 Kg7 38. Qb7 Rf7 39. Qxa6 Nd5 40. Qxc8 Nxf4 41. Re8 1-0

[Event "Austrian Women Bundesliga 2023-24"]
[Site "Austria"]
[Date "2024.03.23"]
[Round "5.15"]
[White "Tscharnuter, Alexandra"]
[Black "Stadlinger, Lea"]
[Result "1-0"]
[ECO "C60"]
[WhiteElo "1842"]
[BlackElo "1936"]
[Annotator "NA RC"]
[PlyCount "65"]
[EventDate "2023.11.21"]
[EventType "team-tourn"]
[EventCountry "AUT"]
[SourceTitle "playchess.com"]
[Source "ChessBase"]
[SourceQuality "1"]
[TimeControl "40/5400+30:1800+30"]

1. e4 e5 2. Nf3 Nc6 3. Bb5 Nge7 4. d4 Nxd4 5. Nxd4 exd4 6. Qxd4 c6 7. Bd3 d5 8. O-O Be6 9. e5 Qc7 10. f4 c5 11. Bb5+ Nc6 12. Qa4 Bd7 13. Nc3 a6 14. Nxd5 Qd8 15. Re1 axb5 16. Qxa8 Qxa8 17. Nc7+ Kd8 18. Nxa8 Nd4 19. Rd1 Nxc2 20. Rb1 c4 21. Rd2 Bc5+ 22. Kf1 Ne3+ 23. Ke2 Nxg2 24. Rd5 b6 25. b4 cxb3 26. Rxb3 Kc8 27. Rc3 Bg4+ 28. Kf1 Nxf4 29. Bxf4 Kb7 30. Nxb6 Bxb6 31. Rxb5 Bd7 32. Rb2 Ka7 33. Ra3+ 1-0

[Event "Austrian Women Bundesliga 2023-24"]
[Site "Austria"]
[Date "2024.03.23"]
[Round "5.16"]
[White "Marinovic, Sara"]
[Black "Sommer, Milena"]
[Result "1-0"]
[ECO "C45"]
[WhiteElo "1776"]
[BlackElo "1765"]
[Annotator "NA RC"]
[PlyCount "81"]
[EventDate "2023.11.21"]
[EventType "team-tourn"]
[EventCountry "AUT"]
[SourceTitle "playchess.com"]
[Source "ChessBase"]
[SourceQuality "1"]
[TimeControl "40/5400+30:1800+30"]

1. e4 e5 2. Nf3 Nc6 3. d4 exd4 4. Nxd4 Bc5 5. Be3 Qf6 6. c3 Nge7 7. Bc4 O-O 8. O-O Rd8 9. Nf5 Bxe3 10. Nxe3 d6 11. Na3 a6 12. f4 Be6 13. Nd5 Bxd5 14. exd5 Na5 15. Be2 b5 16. Qd3 Re8 17. Rae1 Qf5 18. Qxf5 Nxf5 19. Bf3 Ne3 20. Rf2 Nec4 21. Rxe8+ Rxe8 22. Nxc4 Nxc4 23. b3 Nb6 24. Kf1 f6 25. Re2 Rxe2 26. Kxe2 a5 27. Kd3 Kf7 28. Kd4 Ke7 29. Bg4 g6 30. b4 axb4 31. cxb4 Na4 32. Be2 f5 33. Bxb5 Nb6 34. a4 Kd8 35. a5 Nc8 36. Ba6 Na7 37. b5 Kd7 38. b6 cxb6 39. axb6 Nb5+ 40. Bxb5+ Kc8 41. Be8 1-0

[Event "Austrian Women Bundesliga 2023-24"]
[Site "Austria"]
[Date "2024.03.23"]
[Round "5.17"]
[White "Unuk, Laura"]
[Black "Danielian, Elina"]
[Result "1/2-1/2"]
[ECO "E46"]
[WhiteElo "2341"]
[BlackElo "2396"]
[Annotator "TA"]
[PlyCount "68"]
[EventDate "2023.11.21"]
[EventType "team-tourn"]
[EventCountry "AUT"]
[SourceTitle "playchess.com"]
[Source "ChessBase"]
[SourceQuality "1"]
[TimeControl "40/5400+30:1800+30"]

1. d4 Nf6 2. c4 e6 3. Nc3 Bb4 4. e3 O-O 5. Bd2 c5 6. a3 Bxc3 7. Bxc3 Ne4 8. Ne2 b6 9. d5 Ba6 10. f3 ({White should play} 10. b3 $11) 10... Nxc3 $15 11. Nxc3 {[%emt 0:00:05] [#]} Bxc4 $1 12. Bxc4 {[%emt 0:00:08] And now 0-0 would win.} Qh4+ 13. g3 Qxc4 14. h4 Qa6 (14... Na6 $15 15. h5 exd5 16. Qxd5 Qxd5 17. Nxd5 Rfe8) 15. h5 $11 h6 16. Kf2 Qc8 17. g4 Na6 18. g5 hxg5 19. h6 {[%emt 0:03:27] Threatens to win with hxg7.} g6 20. Qd3 (20. dxe6 $11 dxe6 21. Ne4) 20... Nc7 21. Rag1 Qd8 22. d6 {[%emt 0:05:07] [#]} Nd5 23. Nxd5 exd5 24. Qc3 {[%emt 0:00:21] [#] Prevents Qf6.} (24. Qxd5 Qf6 25. Rxg5 Rad8 $18) 24... d4 $1 25. exd4 (25. h7+ Kh8) 25... Qf6 26. dxc5 Qxc3 27. bxc3 bxc5 28. Rxg5 {[%emt 0:00:24][%cal Oc3c4][%mdl 4096] Endgame. KRR-KRR} Rab8 29. Rxc5 {[%emt 0:01:39] aiming for Rc7.} Rb2+ $1 30. Kg3 {[%emt 0:04:03] Hoping for Rc7.} Rd2 $1 31. Rc7 Rxd6 32. Rxa7 Rd3 33. h7+ Kg7 34. c4 Rh8 {[%emt 0:03:32] Weighted Error Value: White=0.11 (very precise) /Black=0.14 (very precise) .  Mistake:       	White=2     	Black=2      Inaccurate:     	White=5     	Black=3      OK:         	White=13    	Black=9      Best:        	White=1     	Black=4      Strong:       	---       	Black=2      Brilliant:      	---       	Black=2} 1/2-1/2

[Event "Austrian Women Bundesliga 2023-24"]
[Site "Austria"]
[Date "2024.03.23"]
[Round "5.18"]
[White "Osmak, Yuliia"]
[Black "Hrescak, Ivana"]
[Result "1-0"]
[ECO "E73"]
[WhiteElo "2452"]
[BlackElo "2089"]
[Annotator "RC"]
[PlyCount "91"]
[EventDate "2023.11.21"]
[EventType "team-tourn"]
[EventCountry "AUT"]
[SourceTitle "playchess.com"]
[Source "ChessBase"]
[SourceQuality "1"]
[TimeControl "40/5400+30:1800+30"]

1. d4 Nf6 2. c4 g6 3. Nc3 Bg7 4. e4 d6 5. Be2 O-O 6. Be3 c5 7. d5 e6 8. Nf3 exd5 9. cxd5 Qa5 10. Nd2 Bd7 11. Nc4 Qc7 12. e5 dxe5 13. d6 Qc8 14. Nxe5 Re8 15. Nxd7 Nbxd7 16. O-O Ne5 17. Nb5 Rd8 18. Nc7 Rb8 19. Bxc5 b6 20. Ba3 Ne4 21. Rc1 Qf5 22. f4 Nd7 23. Nd5 Qe6 24. Ne7+ Kh8 25. Nc6 Ndc5 26. Nxb8 Rxb8 27. Bc4 Qxd6 28. Qxd6 Nxd6 29. Rfd1 Nxc4 30. Rxc4 Bf8 31. Bxc5 Bxc5+ 32. Kf1 a5 33. Rd7 Kg7 34. a3 Kf8 35. b4 Ke8 36. Ra7 axb4 37. axb4 Bd6 38. Rd4 Rd8 39. Re4+ Kf8 40. Rb7 Re8 41. Rd4 Be7 42. Rxb6 Ra8 43. Rb7 Ra1+ 44. Ke2 Ra2+ 45. Rd2 Ra4 46. Rdd7 1-0